[Event "*** Titled Tuesday Blitz"]
[Site "Chess.com"]
[Date "2020.05.05"]
[Round "10"]
[White "Redbandit87"]
[Black "vladimirdamjanovic"]
[Result "0-1"]
[WhiteElo "2455"]
[BlackElo "2604"]
[TimeControl "180+1"]
[EndTime "12:00:11 PDT"]
[Termination "vladimirdamjanovic won by resignation"]

1. d4 Nf6 2. Bf4 g6 3. Nc3 d5 4. Qd2 Bg7 5. O-O-O O-O 6. Bh6 c6 7. h4 Bxh6 8. Qxh6 Ng4 9. Qf4 Qd6 10. Qxd6 exd6 11. Nh3 Bf5 12. e3 Nd7 13. Bd3 Bxd3 14. Rxd3 f5 15. f3 Ngf6 16. Ng5 Rfe8 17. Re1 Re7 18.
Rd2 Rae8 19. Rde2 b5 20. a3 a5 21. Kd2 a4 22. Nh3 Nb6 23. b3 axb3 24. cxb3 Ra8 25. Nb1 c5 26. Nf2 c4 27. b4 Nh5 28. Nh3 Na4 29. Kc2 Ng3 30. Nf4 Nxe2 31. Rxe2 Nb6 32.
Kb2 Rea7 33. Kc2 Kf7 34. Kb2 h6 35. Re1 g5 36. hxg5 hxg5 37. Nh3 Kf6 38. Nf2 Rh7 39. Nd1 Rh2 40. Re2 Na4+ 41. Ka2 g4 42. fxg4 fxg4 43. Ndc3 Nxc3+ 44. Nxc3 Kf5 45. Nxb5 Ke4 46. Nc3+ Kd3 47.
Kb2 Rf8 48. b5 g3 49. a4 Rf2 50. b6 Rxe2+ 51. Nxe2 Kxe2 52. b7 Rh8 53. a5 Kd2 54. a6 c3+ 55. Ka2 c2 56. a7 c1=Q 57. b8=Q Qc2+ 58. Ka3 Qc3+ 59. Ka2 Rh1 60. Qb2+ Qxb2+ 61.
Kxb2 Rh8 0-1

[Event "*** Titled Tuesday Blitz"]
[Site "Chess.com"]
[Date "2020.05.05"]
[Round "10"]
[White "Lion-Al-Messi"]
[Black "Sosat98"]
[Result "0-1"]
[WhiteElo "2425"]
[BlackElo "2645"]
[TimeControl "180+1"]
[EndTime "12:00:11 PDT"]
[Termination "Sosat98 won by resignation"]

1. d4 d5 2. Nf3 Nf6 3. Nc3 Bf5 4. Bg5 e6 5. e3 Nbd7 6. Bd3 Bg6 7. O-O Be7 8. Qe2 Ne4 9. Bxe7 Qxe7 10. Bxe4 dxe4 11. Nd2 f5 12. f3 Bh5 13. Nb5 Nf6 14. Qc4 c6 15. Nc3 Nd5 16. Rae1 exf3 17. Nxf3 Bxf3 18. Rxf3 O-O-O 19. Nxd5 exd5 20. Qd3 g6 21. c3 Rde8 22. b4 Qh4 23. g3 Qg4 24. Kg2 b5 25. Rf4 Qg5 26.
a4 a6 27. Ra1 Kb7 28. Qd2 Qf6 29. Raf1 Qe6 30. R4f3 Qe4 31. Kf2 g5 32. Kg1 Rhf8 33. Qf2 Re7 34. Rxf5 Rxf5 35. Qxf5 Qxe3+ 36. Kg2 h5 37.
axb5 axb5 38. Rf3 Qe2+ 39. Rf2 Qe3 40. Qf3 g4 41. Qxe3 Rxe3 42. Rc2 Rf3 43. h3 Kc7 44. hxg4 hxg4 45. Rc1 Kd6 46. Rc2 Ke6 47. Re2+ Kf5 48.
Re5+ Kf6 49. Rh5 Rxc3 50. Rh6+ Kf5 51. Rd6 Rc2+ 52. Kg1 Ke4 53. Rf6 Kxd4 54. Rf4+ Ke3 55. Rxg4 d4 56. Rg6 d3 57. Re6+ Kf3 58. Rd6 d2 59.
Rd3+ 0-1

[Event "*** Titled Tuesday Blitz"]
[Site "Chess.com"]
[Date "2020.05.05"]
[Round "10"]
[White "MilanovicDan"]
[Black "bancsoo"]
[Result "0-1"]
[WhiteElo "2527"]
[BlackElo "2750"]
[TimeControl "180+1"]
[EndTime "12:00:13 PDT"]
[Termination "bancsoo won on time"]

1. d4 d5 2. c4 e6 3. Nc3 Nf6 4. cxd5 exd5 5. Bg5 c6 6. e3 Nbd7 7. Bd3 Bd6 8. Nge2 Nf8 9. Qc2 Ng6 10. O-O-O h6 11.
Bxf6 Qxf6 12. f3 O-O 13. Kb1 Nh4 14. Ng3 Qg5 15. Qf2 Nf5 16. Nf1 Re8 17. h4 Bg3 18. Qg1 Nxh4 19. f4 Bxf4 20. exf4 Qxg2 21. Ng3 Qxg1 22.
Rdxg1 Nf3 23. Rd1 Nxd4 24. f5 Nf3 25. Rhf1 Ng5 26. Nh5 Bd7 27. Ne2 Re5 28. Nd4 Rae8 29. Nf3 Re3 30. Nxg5 hxg5 31. f6 g6 32. Ng7 R8e5 33.
Rh1 g4 34. Rd2 Rh3 35. Rf1 c5 36. Kc1 Bc6 37. Be2 g3 38. Bg4 Rh2 39. Rxh2 gxh2 40. Rh1 Rg5 41. Rxh2 Rxg4 42. Re2 Re4 43. Rf2 g5 44.
Kd2 Kh7 45. Nf5 Kg6 46. Ne7+ Kh5 47. Rh2+ Kg4 48. Rh7 Kf4 49. Rxf7 Ke5 50. Rf8 Ke6 51. Ng6 Rd4+ 52. Ke3 Re4+ 53. Kd2 Be8 54. Rxe8+ Kf7 55. Re7+ Rxe7 0-1

[Event "*** Titled Tuesday Blitz"]
[Site "Chess.com"]
[Date "2020.05.05"]
[Round "10"]
[White "ErikRonka"]
[Black "ketster"]
[Result "1-0"]
[WhiteElo "2426"]
[BlackElo "2277"]
[TimeControl "180+1"]
[EndTime "12:00:15 PDT"]
[Termination "ErikRonka won on time"]

1. Nf3 Nf6 2. c4 e6 3. g3 d5 4.
Bg2 d4 5. O-O c5 6. e3 Nc6 7. exd4 cxd4 8. d3 h6 9. Bf4 Be7 10. Ne5 Nxe5 11. Bxe5 O-O 12. Nd2 Ne8 13. Nf3 Bf6 14. b4 Bxe5 15. Nxe5 Qd6 16. Re1 Qxb4 17. Rb1 Qe7 18. Nf3 Qd6 19. Re4 Nf6 20. Rxd4 Qc7 21. Qe2 Nd7 22. Re4 Nc5 23. Re3 Rb8 24. d4 Na4 25. Ne5 Bd7 26. Reb3 b6 27. c5 bxc5 28.
Rxb8 Rxb8 29. Rxb8+ Qxb8 30. Nxd7 Qb1+ 31. Qf1 Qxa2 32.
Nxc5 Nc3 33. h3 Ne2+ 34. Kh2 Nxd4 35. Ne4 Nf5 36. Qd1 Qa5 37. Nd6 Ne7 38. Ne4 Qb6 39. Qd6 Qa5 40. Qxe7 Qb6 41. Qe8+ Kh7 42. Qxf7 Qd4 43. Qf3 Qe5 44. Qe3 a5 45. Nd2 Qb2 46.
Be4+ Kh8 47. Nc4 Qb4 48. Ne5 a4 49. Ng6+ Kg8 50. Qf4 a3 51. Qc7 a2 52. Qd8+ Kf7 53.
Qf8+ 1-0

[Event "*** Titled Tuesday Blitz"]
[Site "Chess.com"]
[Date "2020.05.05"]
[Round "10"]
[White "Nara_Kh"]
[Black "barbara25"]
[Result "0-1"]
[WhiteElo "2396"]
[BlackElo "2245"]
[TimeControl "180+1"]
[EndTime "12:00:15 PDT"]
[Termination "barbara25 won by checkmate"]

1. e4 c5 2. Nf3 d6 3. Bb5+ Nd7 4. O-O Nf6 5. Re1 e5 6. c3 Be7 7. h3 O-O 8. d4 a6 9. Bd3 b5 10.
a4 c4 11. Bc2 Bb7 12. Nbd2 Re8 13. Nf1 Qc7 14. d5 Nc5 15. g4 Nfd7 16. Ng3 bxa4 17. Bxa4 Nd3 18. Rf1 Reb8 19. Bxd7 Qxd7 20. b3 Nxc1 21.
Rxc1 cxb3 22. Qxb3 a5 23. Qa3 a4 24. Nf5 Ba6 25.
Rfe1 Bc4 26. Nxe5 dxe5 27. Nxe7+ Kh8 28. Nc6 Rb3 29. Qc5 Ba6 30. Ra1 h5 31. Nxe5 Qe8 32. Qc7 Kg8 33. Re3 Rb7 34. Qd6 hxg4 35. hxg4 Re7 36. f4 Bb5 37. Qb4 Bd7 38. d6 Re6 39. Nxd7 Qxd7 40. e5 Rg6 41. g5 Qg4+ 42. Kf2 Qh4+ 43.
Rg3 Rc8 44. f5 Qh2+ 45. Kf3 Qh5+ 46. Kf2 Rxg5 47. Qf4 Qh2+ 48. Kf3 Qh5+ 49. Ke4 Rc4+ 50. Kd5 Rxf4 51. Rd3 Rfxf5 52. Rxa4 Rxe5+ 53. Kc6 Rc5+ 54. Kb7 Rb5+ 55. Kc7 Rgc5+ 56. Kd8 Qg5+ 57. Kd7 Qf5+ 58. Kd8 Rc8+ 59. Ke7 Rb7+ 60. d7 Qe6# 0-1

[Event "*** Titled Tuesday Blitz"]
[Site "Chess.com"]
[Date "2020.05.05"]
[Round "10"]
[White "OK97"]
[Black "StegariuVlad"]
[Result "1-0"]
[WhiteElo "2727"]
[BlackElo "2545"]
[TimeControl "180+1"]
[EndTime "12:00:16 PDT"]
[Termination "OK97 won by resignation"]

1. e4 e5 2. Nf3 Nc6 3. Bb5 a6 4. Ba4 Nf6 5. O-O Be7 6. Re1 b5 7.
Bb3 d6 8. c3 O-O 9. h3 Nb8 10.
d4 Nbd7 11. Nbd2 Bb7 12. Bc2 Re8 13. Nf1 Bf8 14. Ng3 g6 15. a4 Bg7 16. Bd3 c6 17.
Bg5 Qc7 18. Qd2 d5 19. dxe5 Nxe4 20. Bxe4 dxe4 21. Nxe4 Nxe5 22. Nxe5 Bxe5 23. Nf6+ Bxf6 24. Bxf6 Re6 25. Rxe6 fxe6 26. Rd1 c5 27. Qd7 Rc8 28. Qxe6+ Qf7 29. Qb6 Rf8 30. Rd8 Rxd8 31. Qxd8+ Qf8 32. Qb6 bxa4 33. f3 Qc8 34. Be5 Qc6 35. Qd8+ Kf7 36. Qh8 Ke6 37. c4 Kd7 38. Qxh7+ Ke8 39. Qg8+ Ke7 40. Qg7+ Ke8 41. Kh2 Qe6 42. Qc7 Bc8 43. Qxc5 Bd7 44. Qd4 Bc6 45. c5 Qf5 46. Qd6 Qd7 47.
Qxg6+ Kd8 48. Qg8+ Ke7 49. Bd6+ Kf6 50. Qf8+ Ke6 51. Qg8+ Kf6 52. h4 Qf5 53. Qf8+ Ke6 54. Qc8+ Kf6 55. Qxc6 Qe6 56. Qe4 Qxe4 57. fxe4 1-0

[Event "*** Titled Tuesday Blitz"]
[Site "Chess.com"]
[Date "2020.05.05"]
[Round "10"]
[White "icychess54"]
[Black "Fh2411"]
[Result "1-0"]
[WhiteElo "2325"]
[BlackElo "2439"]
[TimeControl "180+1"]
[EndTime "12:00:16 PDT"]
[Termination "icychess54 won on time"]

1. c4 e6 2. Nf3 d5 3. e3 Nf6 4. Nc3 Be7 5. b3 O-O 6. Bb2 b6 7. Be2 Bb7 8. O-O c5 9. d4 Nbd7 10. cxd5 Nxd5 11. Rc1 Nxc3 12. Bxc3 Bf6 13. Bb5 cxd4 14.
Nxd4 Ne5 15. f4 Qd5 16. Qe2 Ng6 17. Rfd1 Nh4 18. Nc6 Qe4 19. Bxf6 gxf6 20. Bd3 Qxc6 21. Rxc6 Bxc6 22. Bxh7+ Kxh7 23. Qh5+ Kg7 24. Qxh4 Rh8 25. Qf2 Rhd8 26. Rxd8 Rxd8 27. Qg3+ Kf8 28. Qh4 Ke7 29. Qe1 Be4 30. h4 f5 31. h5 Rh8 32. Qe2 Rg8 33.
Kf1 Kf6 34. h6 Kg6 35. h7 Kxh7 36. Qh5+ Kg7 37. Qg5+ Kf8 38. Qd8+ Kg7 39. Qc7 Kf6 40. Qxa7 Rxg2 41. a4 Rb2 42. Qxb6 Rb1+ 43. Ke2 Rb2+ 44. Kd1 Rb1+ 45. Kd2 Rb2+ 46. Kc3 Rc2+ 47. Kb4 Kg6 48. a5 Rb2 49. Ka4 Ra2+ 50. Kb5 Rb2 51. Ka6 Bd3+ 52.
Ka7 Ra2 53. b4 Rb2 54. a6 Ra2 55. Kb7 Be4+ 56. Kb8 Bd3 57. a7 Be4 58. b5 Rh2 59. Kc7 Rh8 60. Qb8 1-0

[Event "*** Titled Tuesday Blitz"]
[Site "Chess.com"]
[Date "2020.05.05"]
[Round "10"]
[White "giantslayer83"]
[Black "BillieKimbah"]
[Result "0-1"]
[WhiteElo "2722"]
[BlackElo "2872"]
[TimeControl "180+1"]
[EndTime "12:00:17 PDT"]
[Termination "BillieKimbah won by resignation"]

1. d4 Nf6 2. c4 g6 3. Nc3 Bg7 4.
e4 d6 5. Be2 O-O 6. Bg5 c5 7.
d5 e6 8. Nf3 exd5 9. exd5 Qb6 10. Qd2 Bf5 11. O-O Ne4 12. Nxe4 Bxe4 13. Bh6 Bxh6 14. Qxh6 Bxf3 15. Bxf3 Qxb2 16. Rab1 Qxa2 17. Rxb7 Qxc4 18. h4 a5 19. h5 Qh4 20. Re1 Na6 21.
Re6 Rab8 22. g3 Qh3 23. Bg2 Qxh5 24. Qxh5 gxh5 25. Rxb8 Rxb8 26. Rxd6 Nb4 27. Rd7 a4 28. Ra7 Nd3 29. Be4 Nb2 30. d6 Rd8 31. d7 Kf8 32. Bxh7 Ke7 33. Bf5 c4 34. Kf1 Kd6 35. Ke1 c3 36.
Ke2 Kc6 37. Ke3 Kb6 38. Kd4 Kxa7 39. Kxc3 Nd1+ 40. Kb4 Nxf2 41. Kxa4 Kb6 42. Kb4 Kc6 43. Kc4 Kd6 44. Kd4 Ng4 45. Ke4 Nf6+ 46. Kf4 Nxd7 47. Kg5 Ke5 48. Bh3 Nf6 49. Kh4 Rg8 50. Bf1 Rg4+ 51. Kh3 Ne4 52. Be2 Rxg3+ 53. Kh2 h4 54. Ba6 Re3 55. Bb7 f5 56. Bc8 f4 57. Bg4 Ng5 58.
Bh5 Rg3 59. Bd1 f3 60. Ba4 f2 61. Bb5 Nf3+ 0-1

[Event "*** Titled Tuesday Blitz"]
[Site "Chess.com"]
[Date "2020.05.05"]
[Round "10"]
[White "konradrutkowski"]
[Black "124chess"]
[Result "1-0"]
[WhiteElo "2238"]
[BlackElo "2679"]
[TimeControl "180+1"]
[EndTime "12:00:17 PDT"]
[Termination "konradrutkowski won by resignation"]

1. e4 d5 2. exd5 Qxd5 3. Nc3 Qd6 4. d4 Nf6 5. Nf3 c6 6. Ne5 Nbd7 7. f4 Nb6 8. Be2 g6 9. O-O Bg7 10. Bf3 O-O 11. a4 Rd8 12. Be3 Be6 13. g3 Nbd5 14. Bf2 Nxc3 15. bxc3 Bd5 16. Re1 Bxf3 17. Qxf3 e6 18. a5 Qd5 19. Reb1 Qxf3 20. Nxf3 Rab8 21. Ne5 Ne4 22. Rb3 a6 23. Be3 c5 24. Kg2 cxd4 25. cxd4 Rbc8 26. Kf3 Nd6 27. c3 Bxe5 28. fxe5 Nb5 29. Bd2 Rxd4 30. Rxb5 Rxd2 31. Rxb7 Rxc3+ 32. Kg4 h5+ 33. Kg5 Rd5 34. Rf1 Rxe5+ 35. Kh6 f5 36. Kxg6 Kf8 37. Kf6 Rb5 38. Rh7 Kg8 39. Rg7+ Kh8 40.
Rd1 Rd5 41. Rb1 Rb5 42. Rxb5 axb5 43. a6 Ra3 44. a7 f4 45. gxf4 b4 46. Rb7 b3 47.
Rb8+ Kh7 48. a8=Q Rxa8 49. Rxa8 h4 50. Rb8 b2 51. Rxb2 Kh6 52. Rb3 Kh5 53. Kxe6 Kg4 54. f5 1-0

[Event "*** Titled Tuesday Blitz"]
[Site "Chess.com"]
[Date "2020.05.05"]
[Round "10"]
[White "ozates"]
[Black "norwaytoadog"]
[Result "0-1"]
[WhiteElo "2368"]
[BlackElo "2213"]
[TimeControl "180+1"]
[EndTime "12:00:17 PDT"]
[Termination "norwaytoadog won by resignation"]

1. e4 c5 2. Nf3 d6 3. d4 cxd4 4. Nxd4 Nf6 5. f3 e5 6. Nb5 a6 7.
N5c3 Be6 8. Bg5 Be7 9. Nd2 b5 10. Bxf6 Bxf6 11. Nd5 Nd7 12. c4 Bxd5 13. exd5 Qb6 14.
cxb5 axb5 15. a4 bxa4 16. Rxa4 Rb8 17. Nc4 Qc5 18. Ra5 Qb4+ 19. Qd2 O-O 20. Bd3 Nc5 21.
Ra3 Nxd3+ 22. Rxd3 Qxc4 23. O-O Rxb2 24. Qe3 Rc8 25.
Rd2 Rxd2 26. Qxd2 Qd4+ 27. Qxd4 exd4 28. Rd1 g6 29. Kf2 Rc5 30. Ke2 Rxd5 31. Kd3 Rc5 32. Ke4 d5+ 33. Kf4 Kg7 34. g4 h6 35. h4 Rc4 36. Rd3 Rc3 37. Rd1 d3 38. g5 hxg5+ 39. hxg5 Bd4 40. Rd2 Ra3 41. Rd1 f6 42. Rd2 fxg5+ 43.
Kg4 Kf6 44. f4 gxf4 45. Kxf4 Be5+ 46. Ke3 d4+ 47. Ke4 Ra5 48. Rxd3 Rc5 49. Rf3+ Ke6 50.
Rf8 Bg7 51. Re8+ Kf7 52. Rd8 Rc7 53. Kf4 Re7 54. Rd5 Re5 55. Rd7+ Re7 56. Rd5 Ke6 57. Rd8 Rd7 58. Re8+ Kf7 59. Re1 d3 60. Ke3 d2 61.
Rd1 Bh6+ 62. Ke2 Rc7 63. Rf1+ Kg7 64. Ra1 Rc1 65. Ra7+ Kf6 66. Ra6+ Kf5 67. Ra5+ Kg4 68. Ra4+ Bf4 69. Rd4 d1=Q+ 70. Rxd1 Rxd1 71. Kxd1 Kf3 72.
Ke1 Be3 73. Kf1 g5 74. Ke1 g4 75. Kf1 g3 76. Ke1 g2 77. Kd1 g1=Q+ 78. Kc2 Qf2+ 79.
Kc3 Qa2 80. Kb4 Qb2+ 81. Ka4 Qb6 82. Ka3 Bd4 83. Ka4 Bc3 84. Ka3 Qb4+ 85. Ka2 0-1

[Event "*** Titled Tuesday Blitz"]
[Site "Chess.com"]
[Date "2020.05.05"]
[Round "10"]
[White "Guenplen"]
[Black "GHANDEEVAM2003"]
[Result "0-1"]
[WhiteElo "2937"]
[BlackElo "2901"]
[TimeControl "180+1"]
[EndTime "12:00:18 PDT"]
[Termination "GHANDEEVAM2003 won by resignation"]

1. d4 Nf6 2. Bf4 e6 3. e3 c5 4. c3 Nc6 5. Nd2 d5 6. Ngf3 cxd4 7. exd4 Nh5 8. Be3 Bd6 9. Ne5 g6 10. Nd3 O-O 11. g3 b6 12. Be2 Ng7 13. O-O Bb7 14. Bf4 f6 15. Bf3 Ba6 16. Nb3 Bxf4 17. gxf4 Qd6 18. Nbc1 Nf5 19. Re1 h5 20. Be2 Rae8 21.
Bf1 Kh7 22. Ne2 Nh4 23. Ng3 Bxd3 24. Bxd3 Qxf4 25. Re3 Kh6 26. Bb5 Nd8 27. Bxe8 Rxe8 28.
Qd3 Nf7 29. Ne2 Qg4+ 30. Rg3 Qe4 31. Qe3+ Ng5 32. Qxe4 dxe4 33. Re3 Nf5 34. Ng3 Nxe3 35. fxe3 h4 36. Ne2 Nf3+ 37. Kg2 g5 38. h3 Rg8 39. c4 g4 40. b4 g3 41. c5 bxc5 42. dxc5 Rd8 43.
Nd4 Nxd4 44. Rd1 e5 45. exd4 exd4 46. c6 d3 47. b5 Kg5 48. a4 Rc8 49. a5 a6 50. b6 Rxc6 51. b7 Rc2+ 52. Kg1 Rb2 53.
Rb1 Rxb1+ 0-1

[Event "*** Titled Tuesday Blitz"]
[Site "Chess.com"]
[Date "2020.05.05"]
[Round "10"]
[White "mortngabriel"]
[Black "dennisodessa"]
[Result "0-1"]
[WhiteElo "2441"]
[BlackElo "2323"]
[TimeControl "180+1"]
[EndTime "12:00:21 PDT"]
[Termination "dennisodessa won on time"]

1. d4 Nf6 2. c4 e6 3. Nf3 Bb4+ 4. Nbd2 b6 5. g3 Bb7 6. Bg2 O-O 7. O-O Qe7 8. a3 Bxd2 9. Bxd2 d6 10. b4 Nbd7 11. Rc1 e5 12. Bc3 e4 13. Nd2 d5 14. cxd5 Bxd5 15.
Bb2 c6 16. Nc4 Ne8 17. Ne5 Qe6 18. Qa4 Nxe5 19. dxe5 Nc7 20. Qc2 f5 21. exf6 gxf6 22. e3 a5 23. Bd4 Nb5 24. Bxb6 Nxa3 25. Qa4 axb4 26. Qxb4 Rfb8 27. Qc5 Nc4 28. Bc7 Rc8 29. Bf4 Ra5 30. Qd4 Rb5 31. Rfd1 c5 32. Qc3 Rd8 33.
Qe1 Nb2 34. h4 Nxd1 35. Rxd1 c4 36. Bf1 Rc5 37. Qc3 Rdc8 38. Rd4 Rb5 39. Qd2 c3 40. Qc1 Rbc5 41. Kh2 c2 42. Bh3 f5 43. h5 Rb5 44.
Rd2 Rb1 45. Qxc2 Rxc2 46. Rxc2 Rb8 47. h6 Re8 48. Rc7 Re7 49. Bxf5 Qxf5 50. Rxe7 Qh5+ 51. Kg1 Bf7 52. Re5 Qd1+ 53. Kh2 Bg6 54. Re7 Kf8 55. Rg7 Ke8 56. Rxg6 hxg6 57. g4 Qxg4 0-1

[Event "*** Titled Tuesday Blitz"]
[Site "Chess.com"]
[Date "2020.05.05"]
[Round "10"]
[White "dragos420"]
[Black "lamomiablanca"]
[Result "1-0"]
[WhiteElo "2506"]
[BlackElo "2176"]
[TimeControl "180+1"]
[EndTime "12:00:22 PDT"]
[Termination "dragos420 won by resignation"]

1. e4 c5 2. Nf3 Nc6 3. Bb5 g6 4. O-O Bg7 5. Nc3 Nd4 6. Ba4 a6 7. Nxd4 cxd4 8. Ne2 b5 9. Bb3 Bb7 10. d3 d6 11. Qe1 Qb6 12. a4 Nf6 13. Bd2 O-O 14.
f3 Nd7 15. Ba5 Qc5 16. Bb4 Qb6 17. axb5 axb5 18. Qf2 Nc5 19. Bxc5 dxc5 20. f4 Rxa1 21. Rxa1 Rc8 22. Bd5 Bxd5 23. exd5 Qd6 24. Qf3 c4 25. Ng3 Rd8 26. Ra5 Qb6 27. Ra3 Qc5 28. Ne4 Qxd5 29. Ra5 cxd3 30. Qxd3 f5 31. Nd2 Qe6 32. Rxb5 Qe1+ 33. Nf1 Qe6 34. Qb3 Qxb3 35. Rxb3 Kf7 36. Rd3 e5 37. Nd2 e4 38. Rb3 e3 39. Nf3 Rc8 40. c3 d3 41. Kf1 e2+ 42. Ke1 Rd8 43. c4 Bf8 44. Ne5+ Kf6 45. Rxd3 Rb8 46. b3 Bb4+ 47.
Kxe2 Re8 48. Kf3 Ke6 49. Nc6 Bc5 50. Ne5 g5 51. Rd5 g4+ 52. Kg3 Bd6 53. h3 h5 54.
hxg4 hxg4 55. Kf2 Bb8 56. Nc6 Ba7+ 57. Kf1 Bb6 58. Nd4+ Kf7 59. Rxf5+ Kg6 60. Rd5 g3 61.
Rd6+ 1-0

[Event "*** Titled Tuesday Blitz"]
[Site "Chess.com"]
[Date "2020.05.05"]
[Round "10"]
[White "BelaKis"]
[Black "Rafael_Ventura"]
[Result "1-0"]
[WhiteElo "2091"]
[BlackElo "2283"]
[TimeControl "180+1"]
[EndTime "12:00:22 PDT"]
[Termination "BelaKis won by checkmate"]

1. Nf3 Nf6 2. g3 e6 3. Bg2 d5 4. O-O Be7 5. d3 O-O 6. a3 b6 7.
Nbd2 Bb7 8. c4 Na6 9. b4 c5 10. b5 Nc7 11. a4 a6 12. Bb2 a5 13. Qc2 d4 14. e4 Nd7 15. Kh1 e5 16. Ng1 f5 17. f4 g6 18. Rae1 Bd6 19. fxe5 Nxe5 20. exf5 Bxg2+ 21. Kxg2 Rxf5 22. Ne4 Rxf1 23. Rxf1 Ng4 24.
Bc1 Be7 25. Qe2 Qd7 26. h3 Ne5 27. Bh6 Nf7 28. Bf4 Re8 29. Nf3 Bd8 30. Qf2 Ne6 31.
Bd2 Rf8 32. Qe2 Nd6 33. Nxd6 Qxd6 34. Bh6 Rf7 35. Nd2 Rxf1 36. Qxf1 Bc7 37. Ne4 Qe5 38.
Nf6+ Kh8 39. Qf3 Bd8 40. Ne4 Qf5 41. g4 Qxf3+ 42. Kxf3 Kg8 43. g5 Kf7 44. Nd6+ Ke7 45. Ne4 Kd7 46. h4 Be7 47. Kg4 Nc7 48. h5 Ne6 49. hxg6 hxg6 50. Nf6+ Bxf6 51. gxf6 Ke8 52. Bf4 Kf7 53. Be5 g5 54. Kf5 g4 55. Kxg4 Kg6 56.
Kf3 Kf5 57. Bb8 Kxf6 58. Ba7 Ke5 59. Bxb6 Ng7 60. Bxa5 Kd6 61. Bb6 Nf5 62. a5 Kd7 63. a6 Kc8 64. Bxc5 Kb8 65. Ke4 Ng3+ 66. Kxd4 Ne2+ 67.
Kd5 Nc3+ 68. Kc6 Na4 69. b6 Nxc5 70. Kxc5 Ka8 71. Kc6 Kb8 72. d4 Kc8 73. d5 Kb8 74. d6 Kc8 75. a7 Kd8 76. a8=Q# 1-0

[Event "*** Titled Tuesday Blitz"]
[Site "Chess.com"]
[Date "2020.05.05"]
[Round "10"]
[White "MPGM"]
[Black "Dinamo81"]
[Result "1/2-1/2"]
[WhiteElo "2527"]
[BlackElo "2635"]
[TimeControl "180+1"]
[EndTime "12:00:23 PDT"]
[Termination "Game drawn - insufficient material"]

1. d4 e6 2. c3 d5 3. Nf3 Nf6 4. Bg5 c5 5. e3 Nc6 6. Nbd2 h6 7. Bh4 Be7 8. Bd3 O-O 9. O-O b6 10. Qe2 Bb7 11. Ne5 Nxe5 12. dxe5 Nd7 13. Bxe7 Qxe7 14.
f4 f6 15. exf6 Rxf6 16. e4 Raf8 17. g3 c4 18. Bc2 Qc5+ 19. Qf2 Qxf2+ 20. Rxf2 e5 21. exd5 Bxd5 22. Raf1 exf4 23. Rxf4 Rxf4 24. Rxf4 Rxf4 25. gxf4 Kf7 26. Kf2 b5 27. Ke3 Ke6 28. Kd4 Kd6 29. a4 a6 30. axb5 axb5 31. Ne4+ Bxe4 32.
Bxe4 Nc5 33. Bc2 Nd7 34. Ke4 Ke6 35. h4 Nf6+ 36. Kd4 Kd6 37. Bf5 Nd5 38. Ke4 Nf6+ 39. Kf3 Kc5 40. Be6 Kd6 41. Bf7 Kc5 42. f5 b4 43. Kf4 bxc3 44. bxc3 Nd5+ 45. Bxd5 Kxd5 46.
h5 Kd6 47. Ke4 Ke7 48. Ke5 Kf7 49. Kd5 Kf6 50. Kxc4 Kxf5 51. Kb5 g5 52. hxg6 Kxg6 53.
c4 h5 54. c5 h4 55. c6 h3 56. c7 h2 57. c8=Q h1=Q 58. Qg8+ Kf6 59. Qf8+ Ke5 60. Qe7+ Kf4 61. Qd6+ Ke3 62. Qc5+ Ke2 63.
Qc2+ Ke3 64. Qc5+ Ke2 65. Qc2+ Ke3 66. Qc6 Qxc6+ 67. Kxc6 1/2-1/2

[Event "*** Titled Tuesday Blitz"]
[Site "Chess.com"]
[Date "2020.05.05"]
[Round "10"]
[White "kreonx"]
[Black "DivyaDeshmukh23"]
[Result "0-1"]
[WhiteElo "2232"]
[BlackElo "2405"]
[TimeControl "180+1"]
[EndTime "12:00:23 PDT"]
[Termination "DivyaDeshmukh23 won by checkmate"]

1. e4 c5 2. Nc3 Nc6 3. g3 g6 4.
Bg2 Bg7 5. d3 e6 6. Be3 Nd4 7.
Qd2 Ne7 8. Nd1 d6 9. c3 Ndc6 10. Bh6 O-O 11. h4 f6 12. Bxg7 Kxg7 13. h5 g5 14. h6+ Kh8 15. f4 Rg8 16. Ne3 gxf4 17. gxf4 Ng6 18. Ne2 Nce7 19. O-O-O d5 20. exd5 exd5 21.
d4 c4 22. Rdf1 Bf5 23. Nxf5 Nxf5 24. Bh3 Nge7 25. Qc2 Ne3 26. Qd2 Nxf1 27. Rxf1 Qe8 28. Be6 Rg2 29. Rg1 Rxg1+ 30. Nxg1 Qg6 31. Ne2 Qxh6 32. Qe3 Rf8 33. Qf3 f5 34. Bxd5 Nxd5 35. Qxd5 Re8 36. Qxc4 Qh2 37. Kd1 Qh1+ 38. Kd2 Qe4 39.
Qd3 Qxd3+ 40. Kxd3 h5 41. Ng1 h4 42. Nf3 h3 43. d5 Rg8 44. d6 Rg6 45. Ke3 Rxd6 46.
Kf2 Rd3 47. c4 b6 48. b4 h2 49. Nxh2 Rd4 50. Ke3 Rxc4 51. a3 Rc3+ 52. Kd4 Rxa3 53.
Ke5 Rh3 54. Nf1 a5 55. Kxf5 a4 56. Kg4 Rd3 57. f5 a3 58. f6 a2 59. f7 Kg7 60.
Ng3 a1=Q 61. Nf5+ Kxf7 62. b5 Qa4+ 63. Kg5 Rd5 64. Kh6 Qf4+ 65. Kh7 Qxf5+ 66. Kh8 Qh5# 0-1

[Event "*** Titled Tuesday Blitz"]
[Site "Chess.com"]
[Date "2020.05.05"]
[Round "10"]
[White "ChessWarrior3"]
[Black "Tsukasa06"]
[Result "0-1"]
[WhiteElo "2040"]
[BlackElo "2203"]
[TimeControl "180+1"]
[EndTime "12:00:23 PDT"]
[Termination "Tsukasa06 won by checkmate"]

1. e4 e5 2. Nf3 Nc6 3. Bb5 g6 4.
O-O Bg7 5. Bxc6 dxc6 6. c3 Ne7 7. d4 exd4 8. cxd4 O-O 9. Nc3 Bg4 10. Bg5 f6 11.
Be3 f5 12. e5 Nd5 13. h3 Bxf3 14. Qxf3 a6 15. Rac1 Qd7 16. Nxd5 cxd5 17. e6 Qxe6 18.
Rxc7 Rae8 19. Qf4 Qb6 20. Rfc1 Re4 21. Qg5 f4 22. Qxd5+ Qe6 23. Qxe6+ Rxe6 24. Bd2 Bxd4 25. Bc3 Bxc3 26. R1xc3 Rb6 27. Rd7 Rf7 28. Rd8+ Kg7 29. b3 Re6 30. Rcc8 f3 31. Rg8+ Kh6 32. Rc4 g5 33. g4 b5 34. Rc5 Rg7 35. Rf8 Re2 36.
h4 gxh4 37. Rf6+ Rg6 38. Rxg6+ hxg6 39. g5+ Kh5 40. a4 bxa4 41. bxa4 Re6 42. Rc3 Kg4 43. Kh2 Re2 44. Kg1 h3 45. Rc4+ Kxg5 46. Rc5+ Kh4 47. Rc4+ Kh5 48. Rc5+ g5 49. Kh2 Kh4 50. Rc4+ g4 51.
Kg1 h2+ 52. Kxh2 Rxf2+ 53. Kg1 Rg2+ 54. Kh1 Ra2 55. a5 Kg3 56. Rc1 Rxa5 57. Rg1+ Kh3 58. Rc1 Ra2 59. Rg1 Rh2# 0-1

[Event "*** Titled Tuesday Blitz"]
[Site "Chess.com"]
[Date "2020.05.05"]
[Round "10"]
[White "profofchess"]
[Black "The_Machine04"]
[Result "1-0"]
[WhiteElo "2447"]
[BlackElo "2300"]
[TimeControl "180+1"]
[EndTime "12:00:28 PDT"]
[Termination "profofchess won by resignation"]

1. e4 d6 2. d4 Nf6 3. Nc3 e5 4.
Nge2 Nc6 5. h3 g6 6. d5 Ne7 7.
g4 Bg7 8. Be3 c6 9. g5 Nh5 10.
dxc6 bxc6 11. Qd2 Be6 12. O-O-O Nc8 13. Ng3 Nf4 14. Ba6 O-O 15. Bxc8 Qxc8 16. Qxd6 Rb8 17. Bc5 Qb7 18. Ba3 Rfe8 19. Qc5 Bf8 20. Qa5 Bg7 21. h4 h5 22. gxh6 Bxh6 23. Kb1 Bg4 24. Rdg1 Bf3 25. Nf5 Bf8 26. Rh2 Bxa3 27. Qxa3 Qb4 28.
Qxb4 Rxb4 29. a3 Rb6 30. Nd6 Reb8 31. Nc4 R6b7 32. b3 f6 33. Rg3 Bh5 34. f3 Rd7 35.
Rd2 Rbd8 36. Rxd7 Rxd7 37. Kc1 Kf7 38. Na5 Rd6 39. Nc4 Rd7 40. b4 Ke6 41. Kb2 a6 42. Kb3 Rd8 43. Na4 Rd1 44. Nc5+ Ke7 45. Nxa6 Rh1 46. a4 Rxh4 47. Nc5 Rh3 48. Rxh3 Nxh3 49. a5 Bxf3 50. a6 Ng5 51. a7 Nxe4 52. a8=Q Nxc5+ 53. bxc5 Ke6 54. Qc8+ Kd5 55. Qd7+ Ke4 56. Qxc6+ Kf4 57.
Qd6 Kg3 58. c6 Bxc6 59. Qxc6 f5 60. Qxg6+ Kf4 61. Nxe5 Kxe5 62. Qxf5+ Kxf5 63. Kb4 Ke5 64. Kc5 Ke6 65. Kc6 Ke7 66. c4 Kd8 67. Kb7 Kd7 68. c5 Ke6 69. c6 Kd5 70. c7 1-0

[Event "*** Titled Tuesday Blitz"]
[Site "Chess.com"]
[Date "2020.05.05"]
[Round "10"]
[White "WPWPWP-2015"]
[Black "Misticpikachu"]
[Result "1/2-1/2"]
[WhiteElo "2439"]
[BlackElo "2311"]
[TimeControl "180+1"]
[EndTime "12:00:29 PDT"]
[Termination "Game drawn - insufficient material"]

1. d4 d5 2. c4 e6 3. Nf3 Nf6 4. Nc3 Be7 5. Bf4 O-O 6. e3 dxc4 7. Bxc4 b6 8. O-O Bb7 9. Rc1 Nbd7 10. Ne5 Nxe5 11.
dxe5 Ne4 12. Nxe4 Bxe4 13. f3 Bb7 14. Bd3 c5 15. Qc2 h6 16. Rfd1 Qc7 17. Qf2 Rfd8 18. h4 Rd7 19. Qg3 Kh8 20. Bb5 Rxd1+ 21. Rxd1 Rd8 22.
Rd6 a6 23. Bd3 Bxd6 24. exd6 Qd7 25. e4 f6 26. e5 f5 27. h5 Bc6 28. Qh4 b5 29. Be3 c4 30. Bc2 Bd5 31. Bb6 Rc8 32.
g4 fxg4 33. Qxg4 Qf7 34. f4 Rf8 35. Qg6 Qxg6+ 36. Bxg6 Bc6 37. Be3 Be8 38. Be4 Bd7 39. Kf2 Kg8 40. Ke1 Rc8 41. Kd2 b4 42. Bb6 c3+ 43. Kc1 Kf7 44. Bc7 cxb2+ 45. Kxb2 Ke8 46. Bb7 a5 47. Ba6 Ra8 48. Bb7 Ra7 49. Be4 Rxc7 50.
a3 Bc8 51. dxc7 Kd7 52. axb4 Kxc7 53. Kb3 Bb7 54. bxa5 Bxe4 55. Kb4 Bd5 56. Kc5 Kb7 57. a6+ Kxa6 58. Kd6 Be4 59. Ke7 Bf5 60. Kf8 Kb5 61. Kxg7 Kc4 62. Kxh6 Kd4 63. Kg5 Ke4 64. h6 Kf3 65.
Kf6 Kxf4 66. h7 Bxh7 67. Kxe6 Bf5+ 68. Kf6 Ke4 69. e6 Bxe6 1/2-1/2